 Dungeon Crawl Stone Soup version 0.21.1-1-g345015fe64 (webtiles) character file.

86 Kejsarherre the Skirmisher (level 4, 0/35 HPs)
             Began as a Demonspawn Gladiator on May 10, 2018.
             Slain by Purgy (2 damage)
             ... in a sewer.
             The game lasted 00:02:48 (1155 turns).

Kejsarherre the Skirmisher (Demonspawn Gladiator)   Turns: 1155, Time: 00:02:48

Health: 0/35       AC:  6    Str: 14    XL:     4   Next: 27%
Magic:  4/4        EV: 11    Int: 11    God:
Gold:   109        SH:  0    Dex: 14    Spells: 3/3 levels left

rFire    . . .     SeeInvis .   a - +0 flail
rCold    . . .     Gourm    .   (no shield)
rNeg     . . .     Faith    .   h - +0 ring mail
rPois    .         Spirit   .   c - +0 helmet
rElec    .         Reflect  .   (no cloak)
rCorr    .         Harm     .   (no gloves)
MR       .....                  (no boots)
Stlth    +.........             (no amulet)
HPRegen  0.11/turn              (no ring)
MPRegen  0.09/turn              (no ring)

@: no status effects
A: claws 1
a: no special abilities


You were in a sewer.
You were not hungry.

You visited 1 branch of the dungeon, and saw 3 of its levels.
You also visited: Sewer.

You collected 109 gold pieces.

Inventory:

Hand Weapons
 a - a +0 flail (weapon)
Missiles
 d - 3 throwing nets (quivered)
Armour
 c - a +0 helmet (worn)
 h - a +0 ring mail (worn)
Scrolls
 b - a scroll of blinking {unknown}
 e - 3 scrolls of identify {unknown}
 g - a scroll of amnesia {unknown}
 i - a scroll of immolation {unknown}
Comestibles
 f - 5 rations


   Skills:
 + Level 3.3 Fighting
 - Level 3.2 Maces & Flails
 - Level 1.7 Throwing
 + Level 1.9 Armour
 - Level 2.6 Dodging


You had 3 spell levels left.
You didn't know any spells.

Dungeon Overview and Level Annotations

Branches:
Dungeon (3/15)

Altars:
Ashenzari
Qazlal

Annotations:
D:3 Tegun's ghost, amateur DsFi Sewer Purgy


Innate Abilities, Weirdness & Mutations

You have sharp fingernails.


Message History

Purgy clenches his claws.
Purgy barely misses you. Purgy claws you but does no damage. Purgy claws you.
* * * LOW HITPOINT WARNING * * *
You sock Purgy!
Purgy is severely wounded.
Purgy looks around nervously.
Purgy bites you!
* * * LOW HITPOINT WARNING * * *
Purgy claws you but does no damage. Purgy closely misses you.
You hit Purgy.
Purgy is severely wounded.
Purgy misses you. Purgy closely misses you. Purgy barely misses you.
Purgy bites you but does no damage. Purgy closely misses you. x2
You barely miss Purgy.
Purgy is severely wounded.
Purgy misses you. Purgy closely misses you. Purgy misses you.
You miss Purgy.
Purgy is severely wounded.
Purgy bites you but does no damage. Purgy closely misses you. Purgy claws you.
You die...

### #∩# #.#
#+##+##+##.##+##+#
#######.................
≈≈≈≈≈≈#≈≈≈≈≈≈≈≈≈.≈≈≈≈≈≈≈
≈≈≈≈≈≈#≈≈≈≈≈≈≈≈≈∩≈≈≈≈≈≈≈
≈≈≈≈≈≈#≈≈≈≈≈≈≈≈≈.≈≈≈≈≈≈≈
######.....@...........
#'##'##T##+##+##+#
#.##.# .# #.##.# !#
###### ##


You could see Purgy.

Vanquished Creatures
  6 adders
  A leopard gecko (D:2)
  2 orcs (D:3)
  3 giant cockroaches
  2 goblins
  2 hobgoblins
  5 kobolds
  A quokka (D:2)
  3 bats
  A frilled lizard (D:2)
  3 rats
29 creatures vanquished.

Notes
Turn   | Place    | Note
-------+----------+-------------------------------------------
     0 | D:1      | Kejsarherre the Demonspawn Gladiator began the quest for the Orb.
     0 | D:1      | Reached XP level 1. HP: 16/16 MP: 1/1
   154 | D:2      | Gained mutation: You have sharp fingernails. [demonic ancestry]
   154 | D:2      | Reached XP level 2. HP: 22/23 MP: 2/2
   279 | D:2      | Reached XP level 3. HP: 25/28 MP: 3/3
   341 | D:3      | Noticed Tegun's ghost (amateur DsFi)
   343 | D:3      | Reached skill level 1 in Armour
   400 | D:2      | Found a stormy altar of Qazlal.
   430 | D:2      | Found a shattered altar of Ashenzari.
   761 | D:3      | Found a glowing drain.
   775 | D:3      | Reached XP level 4. HP: 9/35 MP: 4/4
   799 | D:3      | HP: 1/35 [poisoned by an adder]
   922 | Sewer    | Entered a sewer
  1143 | Sewer    | Noticed Purgy
  1155 | Sewer    | Slain by Purgy

Skill      XL: |  1  2  3 |
---------------+----------+-----
Maces & Flails | 3 |  3.2
Armour         | 1 |  1.9
Fighting       | 3 |  3.3
Throwing       | |  1.7
Dodging        | |  2.6

Action                   |  1- 3 |  4- 6 || total
-------------------------+-------+-------++-------
Melee: Flail             |   103 |    23 ||   126
  Eat: Chunk             |       |     1 ||     1
Armor: Leather armour    |    26 |       ||    26
       Ring mail         |    27 |    23 ||    50
Dodge: Dodged            |    91 |    36 ||   127
